Map: Cyber Forest LE

Players

HeRoMaRinE

  • Race: Terran Terran
  • Spawn Location: 5:00

Reynor - Winner!

  • Race: Zerg Zerg
  • Spawn Location: 11:00

Event: 2019 WCS Summer

VOD

Have the link to the VOD?

Description

Time

  • Played on: July 14, 2019, 12:42 p.m.
  • Length: 13:00

All games in this series

Show
View Real Time Build Order
Export as new Build Order

HeRoMaRinE Terran 

Build Orders: Gas First Reaper Expand, Hellion Opening 

Get SALT Encoding   

  12  0:00  SCV  
  13  0:12  SCV  
  14  0:17  Supply Depot  
  14  0:25  SCV  
  15  0:29  Refinery  
  15  0:39  SCV  
  16  0:44  Barracks  
  16  0:51  SCV  
  17  1:03  SCV  
  18  1:15  SCV  
  19  1:31  Orbital Command, Reaper  
  20  1:43  Command Center  
  20  1:54  Factory  
  20  1:57  SCV  
  21  2:06  Barracks Reactor  
  21  2:10  SCV  
  21  2:14  Supply Depot  
  22  2:17  Refinery  
  22  2:22  SCV  
  23  2:36  SCV  
  24  2:46  Starport  
  24  2:48  SCV  
  29  2:51  Hellion x2  
  29  2:55  Orbital Command  
  29  3:00  Barracks Tech Lab, SCV  
  29  3:02  Marine  
  31  3:12  SCV, Hellion  
  34  3:15  Hellion  
  36  3:23  SCV  
  36  3:24  SCV  
  38  3:30  Fusion Core  
  38  3:35  SCV  
  38  3:36  SCV  
  38  3:37  Supply Depot  
  40  3:45  Starport Tech Lab  
  40  3:47  SCV  
  41  3:48  SCV  
  41  3:49  Supply Depot  
  41  3:52  Hellion  
  41  3:54  Hellion  
  46  3:59  SCV  
  46  4:00  SCV  
  46  4:02  Refinery  
  48  4:11  SCV  
  48  4:12  SCV  
  50  4:23  SCV  
  51  4:24  SCV  
  51  4:30  Battlecruiser  
  60  4:33  Barracks Tech Lab  
  60  4:35  SCV  
  60  4:37  SCV  
  60  4:39  Barracks  
  60  4:45  Engineering Bay  
  60  4:46  Supply Depot  
  60  4:47  Barracks  
  60  4:48  SCV  
  60  4:49  Supply Depot  
  60  4:50  Factory Reactor  
  60  4:52  Stimpack  
  62  4:57  Marine  
  62  4:59  Supply Depot  
  62  5:05  Refinery  
  62  5:11  SCV x2  
  62  5:12  Terran Infantry Weapons Level 1  
  62  5:13  Barracks  
  64  5:16  Barracks  
  64  5:17  Marine  
  65  5:23  SCV x2  
  67  5:32  Marine x2  
  67  5:34  Marine  
  67  5:35  SCV x2  
  72  5:41  Supply Depot  
  72  5:42  Starport Reactor, Supply Depot  
  73  5:49  Marine x2  
  74  5:51  Marine x2  
  74  5:54  Marine  
  74  5:56  Supply Depot  
  77  6:00  Siege Tank, Marine  
  77  6:03  Marine  
  74  6:07  Marine x2  
  74  6:09  Marine  
  76  6:11  Marine x2  
  76  6:18  Marine  
  78  6:19  Medivac x2  
  78  6:21  Marine  
  78  6:23  Supply Depot  
  78  6:25  Marine x2  
  85  6:26  Marine  
  85  6:29  Marine x2  
  85  6:32  Siege Tank  
  88  6:36  Marine  
  88  6:39  Marine  
  90  6:43  Marine  
  90  6:45  Marine x2  
  90  6:46  Supply Depot  
  93  6:49  Medivac x2  
  93  6:52  Combat Shield  
  97  6:54  Marine  
  96  7:03  Supply Depot  
  96  7:06  Supply Depot  
  96  7:14  Supply Depot  
  96  7:18  Marine x6  
  96  7:19  Terran Infantry Armor Level 1  
  102  7:24  Siege Tank, Marine, Medivac  
  102  7:28  Supply Depot  
  108  7:36  Marine x6  
  113  7:42  Marine  
  114  7:52  Liberator  
  114  7:54  Marine x6  
  114  7:56  Siege Tank  
  115  8:00  Marine  
  115  8:04  Medivac  
  113  8:12  Marine x6  
  116  8:17  Marine  
  115  8:28  Siege Tank  
  115  8:29  Marine x6  
  121  8:35  Marine  
  117  8:42  Medivac  
  117  8:47  Marine x5  
  121  8:52  Marine, Medivac  
  121  8:53  Marine  
  104  9:00  Liberator  
  104  9:01  Siege Tank  
  101  9:04  Liberator  
  101  9:05  Marine x5  
  101  9:09  Marine  
  106  9:11  Marine  
  108  9:23  Marine x5  
  119  9:27  Marine  
  119  9:29  Marine  
  118  9:33  Siege Tank  
  117  9:41  Marine x5  
  117  9:43  Liberator  
  117  9:45  Marine  
  122  9:47  Marine, Liberator  
  124  9:58  Marine x3  
  124  9:59  Marine x2  
  129  10:03  Marine  
  129  10:04  Marine  
  132  10:16  Marine x2  
  134  10:23  Marine x4  
  134  10:25  Marine  
  134  10:26  Siege Tank  
  126  10:34  Marine x2, Liberator  
  120  10:36  Liberator  
  120  10:41  Marine x4  
  117  10:43  Marine  
  117  10:52  Marine x2  
  122  10:58  Siege Tank  
  122  10:59  Marine x4  
  122  11:00  Marine  
  130  11:10  Marine x2  
  132  11:16  Marine  
  132  11:17  Marine  
  134  11:22  Marine  
  134  11:24  Marine  
  134  11:26  Liberator  
  134  11:34  Siege Tank, Marine x4  
  134  11:35  Marine  
  132  11:40  Marine  
  132  11:42  Marine  
  136  11:52  Marine x5  
  121  11:58  Marine  
  121  12:00  Marine  
  119  12:09  Marine x3  
  119  12:10  Marine x2  
  118  12:16  Marine  
  118  12:18  Marine  
  109  12:23  Siege Tank  
  109  12:27  Marine x3  
  109  12:28  Marine x2  
  113  12:33  Marine  
  113  12:36  Marine  
Show
View Real Time Build Order
Export as new Build Order

Reynor Zerg - Winner!

Build Orders: Hatch First 

Get SALT Encoding   

  12  0:00  Drone  
  13  0:12  Overlord  
  13  0:16  Drone  
  14  0:30  Drone  
  14  0:31  Drone  
  16  0:49  Hatchery  
  15  0:52  Drone  
  15  0:56  Drone  
  17  0:59  Drone  
  18  1:10  Extractor  
  17  1:15  Spawning Pool  
  17  1:18  Drone  
  17  1:22  Drone  
  18  1:27  Drone  
  19  1:40  Drone  
  20  1:49  Overlord  
  20  2:01  Zergling x4, Queen  
  20  2:02  Queen  
  26  2:10  Drone  
  26  2:12  Drone  
  28  2:25  Hatchery  
  28  2:27  Drone  
  28  2:33  Drone x2  
  29  2:38  Drone  
  29  2:43  Queen  
  32  2:50  Overlord  
  32  2:52  Drone  
  32  2:53  Drone  
  32  2:56  Drone  
  35  3:00  Metabolic Boost  
  35  3:09  Drone  
  35  3:10  Drone x2  
  35  3:11  Drone  
  39  3:14  Overlord  
  39  3:18  Zergling x2  
  40  3:25  Drone, Queen  
  43  3:31  Overlord  
  43  3:33  Zergling x2  
  44  3:36  Queen  
  44  3:38  Drone  
  44  3:39  Drone  
  48  3:43  Drone x2  
  48  3:45  Drone  
  48  3:46  Drone  
  52  3:49  Drone x2  
  52  3:51  Drone  
  55  3:58  Zergling x4  
  55  4:00  Drone x2  
  55  4:02  Queen  
  61  4:06  Overlord  
  61  4:10  Zergling x2  
  61  4:11  Drone  
  61  4:13  Drone x2  
  61  4:16  Overlord  
  65  4:23  Overlord  
  65  4:28  Spore Crawler  
  65  4:29  Zergling x4  
  65  4:30  Drone x3  
  69  4:32  Drone, Spore Crawler  
  69  4:34  Spore Crawler  
  69  4:36  Overlord  
  68  4:39  Drone x3  
  68  4:43  Overlord  
  71  4:46  Drone x2  
  71  4:49  Evolution Chamber  
  71  4:50  Evolution Chamber  
  71  4:55  Drone  
  71  4:56  Zergling x6  
  71  4:58  Overlord  
  71  4:59  Drone x2  
  77  5:01  Drone  
  77  5:02  Drone  
  77  5:04  Extractor  
  78  5:12  Overlord  
  78  5:13  Drone x2  
  80  5:16  Zerg Ground Armor Level 1, Zerg Melee Weapons Level 1  
  80  5:20  Overlord  
  80  5:21  Drone x3  
  80  5:27  Zergling x4  
  85  5:31  Drone x3  
  85  5:32  Baneling Nest  
  85  5:33  Overlord  
  85  5:34  Hatchery  
  86  5:37  Extractor  
  86  5:38  Queen  
  86  5:40  Zergling x4  
  89  5:42  Queen  
  89  5:46  Zergling x4  
  92  5:50  Zergling x2  
  92  5:51  Zergling x4  
  92  5:56  Zergling x8  
  96  5:59  Zergling x2  
  96  6:01  Overlord  
  95  6:04  Zergling x6  
  95  6:08  Lair  
  95  6:09  Drone  
  95  6:10  Drone x2  
  101  6:12  Overlord  
  101  6:13  Spore Crawler  
  101  6:17  Drone x3  
  103  6:21  Queen  
  103  6:24  Extractor, Spore Crawler  
  103  6:25  Overlord  
  103  6:27  Zergling x8  
  103  6:30  Drone  
  107  6:35  Baneling x5  
  107  6:38  Zergling x6  
  109  6:40  Drone x3  
  109  6:42  Extractor  
  109  6:43  Overlord  
  109  6:46  Zergling x4, Extractor  
  114  6:49  Overlord  
  114  6:51  Drone x2  
  115  6:57  Zergling x6  
  115  7:01  Zergling x2  
  111  7:03  Queen  
  111  7:04  Zergling x4  
  111  7:05  Zergling x4  
  111  7:06  Zergling x6  
  111  7:07  Baneling x6  
  119  7:10  Centrifical Hooks  
  119  7:14  Zergling x8  
  121  7:15  Baneling  
  121  7:16  Baneling x5  
  121  7:18  Zergling x6  
  121  7:20  Zergling x2  
  121  7:21  Zergling x4  
  127  7:26  Baneling x8  
  127  7:31  Zergling x10  
  127  7:34  Zergling x6  
  135  7:38  Zergling x4  
  135  7:39  Overlord  
  135  7:40  Zergling x4  
  139  7:44  Zergling x4  
  139  7:48  Zergling x2  
  142  7:52  Zergling x6  
  142  7:54  Zergling x2  
  141  8:04  Zergling x8  
  142  8:07  Zergling x6  
  142  8:12  Zergling x2  
  135  8:14  Queen x2  
  135  8:15  Zergling x2  
  135  8:16  Zergling x4  
  135  8:18  Baneling x7  
  135  8:19  Zergling x6  
  140  8:24  Zergling x4  
  140  8:26  Zergling x2  
  136  8:32  Zergling x2  
  135  8:35  Zergling x4  
  135  8:37  Zergling x2  
  135  8:38  Zerg Ground Armor Level 2  
  135  8:39  Zerg Melee Weapons Level 2  
  126  8:41  Zergling x2  
  126  8:44  Zergling x2  
  126  8:48  Zergling x10  
  124  8:53  Zergling x2  
  124  8:55  Zergling x2  
  118  8:57  Zergling x4  
  118  8:59  Queen  
  116  9:03  Infestation Pit, Zergling x2  
  116  9:09  Drone x3  
  116  9:13  Baneling x9  
  116  9:14  Zergling x8, Hatchery  
  116  9:16  Queen  
  119  9:19  Zergling x4  
  119  9:23  Spore Crawler  
  122  9:25  Zergling x10  
  122  9:29  Zergling x2  
  118  9:34  Zergling x4  
  118  9:36  Zergling x6  
  116  9:40  Zergling x14  
  116  9:41  Baneling x2  
  116  9:44  Zergling x4  
  125  9:49  Zergling x2  
  125  9:50  Zergling x2  
  125  9:52  Baneling x8  
  127  9:55  Hive  
  127  9:59  Zergling x12  
  133  10:05  Zergling x6  
  133  10:06  Zergling x4  
  137  10:09  Zergling x6  
  137  10:12  Queen x2  
  144  10:14  Zergling x2  
  144  10:15  Zergling x8  
  144  10:16  Spire  
  144  10:21  Zergling x8  
  151  10:26  Zergling x6  
  139  10:29  Queen  
  139  10:31  Zergling x2  
  139  10:34  Zergling x10  
  138  10:37  Zergling x6  
  138  10:43  Overlord  
  138  10:47  Zergling x2  
  138  10:48  Zergling x10  
  139  10:55  Zergling x8  
  141  11:01  Zergling x18  
  141  11:03  Burrow  
  137  11:09  Ultralisk Cavern  
  136  11:14  Baneling x9  
  136  11:15  Baneling x4  
  136  11:19  Baneling x3  
  136  11:23  Zergling x4  
  136  11:24  Zergling x20  
  143  11:39  Zergling x20  
  153  11:40  Zergling x6  
  153  11:41  Zergling x2  
  153  11:46  Baneling x3  
  148  11:48  Zergling x6  
  132  11:59  Corruptor x4  
  134  12:05  Corruptor x2  
  133  12:09  Baneling x3  
  133  12:10  Baneling x3  
  125  12:16  Corruptor  
  125  12:21  Zergling x14  
  129  12:23  Baneling x3  
  123  12:31  Corruptor  
  123  12:32  Zergling x10  
  128  12:42  Zergling x14  
Tags
 
Add a new tag
Caveats
  • Supply blocks, unpowered buildings, or Contaminate may cause inaccurate times.
  • Supply counts are checked every 10 seconds.